 Dungeon Crawl Stone Soup version 0.31-a0-664-g902f515a81 (webtiles) character file.

Game seed: 15516243920314035725

35 Ge0ff the Gusty (level 3, 0/28 HPs)
             Began as a Meteoran Air Elementalist on Sept 2, 2023.
             Killed by nerve-wracking pain
             ... invoked by Jessica
              (8 damage)
             ... on level 2 of the Dungeon.
             The game lasted 00:04:10 (562 turns).

Ge0ff the Gusty (Meteoran Air Elementalist)          Turns: 562, Time: 00:04:11

Health: 0/28       AC:  2    Str:  9    XL:     3   Next: 76%
Magic:  4/8        EV: 12    Int: 19    God:
Gold:   36         SH:  0    Dex: 14    Spells: 5/8 levels left

rFire   . . .        a - +0 dagger
rCold   . . .        (no shield)
rNeg    . . .        N - +0 robe
rPois   .            (no helmet)
rElec   .            (no cloak)
rCorr   .            (no gloves)
SInv    .            (no boots)
Will    .....        (no amulet)
Stlth   +            (no ring)
HPRegen 0.24/turn    (no ring)
MPRegen 0.11/turn

%: no passive effects
@: glowing
A: sense surroundings 1, otherworldly, glowing, explore regen
a: no special abilities


You were on level 2 of the Dungeon.
You visited 1 branch of the dungeon, and saw 2 of its levels.

You collected 36 gold pieces.

Inventory:

Hand Weapons
 a - a +0 dagger (weapon)
Armour
 N - a +0 robe (worn)
Scrolls
 O - a scroll of silence {unknown}
 P - a scroll of identify {unknown}
 Q - a scroll of teleportation {unknown}
 S - a scroll of amnesia {unknown}
 T - a scroll of immolation {unknown}
Potions
 L - 2 potions of heal wounds {unknown}
 M - a potion of attraction {unknown}
 R - a potion of curing {unknown}


   Skills:
 - Level 1.0 Fighting
 - Level 2.1 Dodging
 - Level 1.4 Stealth
 - Level 3.0 Spellcasting
 - Level 2.0 Conjurations
 + Level 4.5 Air Magic


You had 5 spell levels left.
You knew the following spells:

 Your Spells              Type           Power      Damage    Failure   Level
k - Shock                 Conj/Air       60%        1d6       4%          1
E - Static Discharge      Conj/Air       30%        2-4/arc   6%          2

Your spell library contained the following spells:

 Spells                   Type           Power      Damage    Failure   Level
 Swiftness                Air            20%        N/A       7%          3
 Airstrike                Air            10%        2d(2-18)  22%         4


Dungeon Overview and Level Annotations

Branches:
Dungeon (2/15) Zot: 637

Altars:

Annotations:
D:2 Jessica


Innate Abilities, Weirdness & Mutations

You passively map a small area around you.
You are easily found by Zot.
You glow in the dark.
You regain HP and MP as you explore.


Message History

Confirm with . or Enter, or press ? or * to list all spells.
Aiming: Shock (safe; 4% risk of failure)
Press: ? - help, Shift-Dir - straight line The zap hits the adder.
You kill the adder!
The zap hits the kobold.
You kill the kobold!
You feel sick.
You feel sick.
You see here an adder corpse.
You feel sick.
Things that are here:
a +0 short sword; a ball python corpse You feel sick.
You are no longer poisoned.
Jessica the Apprentice Sorceress comes into view.
She is wielding a +3 spectral club.
Found a stone staircase leading down.
Things that are here:
a +0 dagger; a goblin corpse
Casting: Shock (safe; 4% risk of failure)
Confirm with . or Enter, or press ? or * to list all spells.
Aiming: Shock (safe; 4% risk of failure)
Press: ? - help, Shift-Dir - straight line, f - Jessica
Aim: Jessica, wielding a +3 spectral club and wearing a +0 robe (71% to hit)
The zap misses Jessica.
Casting: Shock (safe; 4% risk of failure)
Confirm with . or Enter, or press ? or * to list all spells.
Aiming: Shock (safe; 4% risk of failure)
Press: ? - help, Shift-Dir - straight line, f/p - Jessica
Aim: Jessica, wielding a +3 spectral club and wearing a +0 robe (71% to hit)
The zap hits Jessica.
Jessica is moderately wounded.
Casting: Shock (safe; 4% risk of failure)
Confirm with . or Enter, or press ? or * to list all spells.
Aiming: Shock (safe; 4% risk of failure)
Press: ? - help, Shift-Dir - straight line, f/p - Jessica
Aim: Jessica, wielding a +3 spectral club and wearing a +0 robe (moderately wounded, 71% to hit)
The zap hits Jessica.
Jessica is moderately wounded.
Your magical contamination has completely faded away.
Casting: Shock (safe; 4% risk of failure)
Confirm with . or Enter, or press ? or * to list all spells.
Aiming: Shock (safe; 4% risk of failure)
Press: ? - help, Shift-Dir - straight line, f/p - Jessica
Aim: Jessica, wielding a +3 spectral club and wearing a +0 robe (moderately wounded, 71% to hit)
The zap hits Jessica.
Jessica is almost dead.
Jessica gestures at you while chanting. Pain shoots through your body!
You die...

* * *#....## #.#..
,,*
#..##..########.#..
, ,....#
#.......... #.. ,,
...## #†########
### * ...# ####)##
,* .#( ##<....## *
* #.##.......###**
, #.............. *
* ,###..@......###
,* #............ ,
* * #..@.......## *
#.........##
#.........#
#.........#
#.........#
#...>.....# , ,


You could see Jessica.

Vanquished Creatures
  An adder (D:2)
  2 endoplasms (D:1)
  A giant cockroach (D:1)
  3 goblins
  A hobgoblin (D:1)
  2 quokkas (D:1)
  5 ball pythons
  2 bats
  A frilled lizard (D:1)
  6 kobolds
  A rat (D:2)
25 creatures vanquished.

Notes
Turn   | Place    | Note
-------+----------+-------------------------------------------
     0 | D:1      | Ge0ff the Meteoran Air Elementalist began the quest for the
                  | Orb.
     0 | D:1      | Reached XP level 1. HP: 14/14 MP: 5/5
    48 | D:1      | Reached skill level 1 in Fighting
    77 | D:1      | Reached XP level 2. HP: 23/23 MP: 0/6
   155 | D:1      | Learned a level 2 spell: Static Discharge
   339 | D:1      | Reached XP level 3. HP: 28/28 MP: 6/8
   396 | D:1      | Reached skill level 4 in Air Magic
   557 | D:2      | Noticed Jessica
   562 | D:2      | Killed from afar by Jessica

Illustrated notes

Levels and vault maps discovered:
D:1:      roderic_chinese_lattice_arrival, layout_basic, serial_shops, shop,
          minmay_rat_gold_closets
D:2:      layout_rooms, serial_bayou_pond_b, uniq_jessica

Skill      XL: |  1  2  3 |
---------------+----------+-----
Fighting       | 1 |  1.0
Spellcasting   | 3 |  3.0
Conjurations   | 2 |  2.0
Air Magic      | 4 |  4.5
Dodging        | |  2.1
Stealth        | |  1.4

Action                     || total
---------------------------++-------
  Melee: Unarmed           ||     2
         Dagger            ||     5
   Cast: Shock             ||    43
         Static Discharge  ||     2
    Use: Potion            ||     1
 Armour: Robe              ||     9
  Dodge: Dodged            ||    12

Table legend: (Time is in decaauts)
 A = Elapsed time spent in this place.
 B = Non-inter-level travel time spent in this place.
 C = Inter-level travel time spent in this place.
 D = Time resting spent in this place.
 E = Time spent auto-exploring this place.
 F = Levels seen in this place.
 G = Mean time per level.
                   A        B        C        D        E       F      G
               +--------+--------+--------+--------+--------+-----+--------+
         Total |    561 |    515 |     46 |      0 |      0 |   2 |  280.5 |
       Dungeon |    561 |    515 |     46 |      0 |      0 |   2 |  280.5 |
               +--------+--------+--------+--------+--------+-----+--------+

Top non-repeatable levels by time:
     D:1: 441 daAuts
     D:2: 119 daAuts
